 Dungeon Crawl Stone Soup version 0.28.0-47-ge53b351184 (webtiles) character file.

Game seed: 14209962782159974007

53 pkoi the Conjurer (level 3, 0/39 HPs)
             Began as a Demigod Conjurer on May 8, 2022.
             Slain by a hobgoblin (6 damage)
             ... led by Robin
             ... on level 2 of the Dungeon.
             The game lasted 00:02:11 (2178 turns).

pkoi the Conjurer (Demigod Conjurer)                Turns: 2178, Time: 00:02:12

Health: 0/39       AC:  3    Str:  8    XL:     3   Next: 42%
Magic:  1/8        EV: 12    Int: 24    God:
Gold:   40         SH:  0    Dex: 12    Spells: 2/5 levels left

rFire   . . .      SeeInvis .   c - +0 whip (elec)
rCold   . . .      Faith    .   (no shield)
rNeg    . . .      Spirit   .   a - +0 robe
rPois   .          Reflect  .   (no helmet)
rElec   .          Harm     .   g - +0 cloak
rCorr   .          Rampage  .   (no gloves)
Will    .....                   (no boots)
Stlth   ..........              (no amulet)
HPRegen 0.13/turn               (no ring)
MPRegen 0.11/turn               (no ring)

@: berserking, very quick
A: high MP 1, forlorn, divine attributes
a: no special abilities


You were on level 2 of the Dungeon.
You visited 1 branch of the dungeon, and saw 2 of its levels.

You collected 40 gold pieces.

Inventory:

Hand Weapons
 c - a +0 whip of electrocution (weapon)
 d - a +2 short sword of speed
Armour
 a - a +0 robe (worn)
 g - a +0 cloak (worn)
Potions
 e - a potion of attraction {unknown}
 k - a potion of mutation {unknown}


   Skills:
 - Level 1.7 Dodging
 - Level 1.7 Stealth
 - Level 1.7 Spellcasting
 + Level 4.9 Conjurations


You had 2 spell levels left.
You knew the following spells:

 Your Spells              Type           Power      Damage    Failure   Level
a - Magic Dart            Conj           100%       1d8       1%          1
b - Searing Ray           Conj           50%        2d6       2%          2

Your spell library contained the following spells:

 Spells                   Type           Power      Damage    Failure   Level
 Dazzling Flash           Conj/Hex       26%        N/A       14%         3
 Fulminant Prism          Conj/Hex       6%         3d7       41%         4
 Iskenderun's Mystic Bla  Conj/Tloc      13%        2d5       41%         4


Dungeon Overview and Level Annotations

Branches:
Dungeon (2/15)

Annotations:
D:2 Robin


Innate Abilities, Weirdness & Mutations

You have an increased reservoir of magic. (+10% MP)
You shall have no god before yourself.
Your divine heritage dramatically boosts your attributes as you level up.


Message History

c - a +0 whip of electrocution The hobgoblin hits you.
You hear the crackle of electricity.
c - a +0 whip of electrocution (weapon)
The hobgoblin hits you but does no damage.
Robin hits you from afar with a +2 spear of venom.
* * * LOW HITPOINT WARNING * * *
You barely miss the hobgoblin.
The hobgoblin is moderately wounded.
Robin zaps a wand.
The puff of flame hits you!
* * * LOW HITPOINT WARNING * * *
You hit the hobgoblin.
The hobgoblin is severely wounded.
The hobgoblin barely misses you.
Robin zaps a wand.
The puff of flame misses you.
Unknown command.
You hit the hobgoblin.
The hobgoblin is almost dead.
The hobgoblin closely misses you.
Robin hits you from afar with a +2 spear of venom.
* * * LOW HITPOINT WARNING * * *
You are lethally poisoned!
Unknown command.
It was a potion of curing.
You feel better. The hobgoblin closely misses you.
Robin says, "Feeling lonely?"
Robin zaps a wand.
The puff of flame misses you.
A red film seems to cover your vision as you go berserk!
You feel yourself moving faster!
You feel mighty! The hobgoblin hits you.
* * * LOW HITPOINT WARNING * * *
Robin hits you from afar with a +2 spear of venom.
* * * LOW HITPOINT WARNING * * *
You closely miss the hobgoblin.
The hobgoblin is almost dead.
The hobgoblin hits you.
* * * LOW HITPOINT WARNING * * *
Robin closely misses you.
You closely miss the hobgoblin.
The hobgoblin is almost dead.
The hobgoblin hits you.
You die...

#.###...........########
##.#.##########....>...#
##.## #..#####.#
###.#### #..#####.#
#......# #.....##.#
#.#.##.# ##.......#
#...##.# #.##.##.#
#..[##.####### #(....[.#
#..###.#...g@# #....##.#
#......#.....# #..####.#
#.######....g# #..####.#
#.# #.....# #.......#
#.# #.....# ##..#####
#.# #######.# ##.# #.#
#.....#.# #†#
#.####.###.#.# #.#
#......# #.#.# #.#


You could see Robin and a hobgoblin (strong).

Vanquished Creatures
  2 adders (D:2)
  A dart slug (D:1)
  3 ball pythons
  2 endoplasms
  A giant cockroach (D:2)
  4 goblins
  7 hobgoblins
  A kobold (D:2)
  A quokka (D:1)
  4 bats
  2 rats (D:1)
28 creatures vanquished.

Notes
Turn   | Place    | Note
-------+----------+-------------------------------------------
     0 | D:1      | pkoi the Demigod Conjurer began the quest for the Orb.
     0 | D:1      | Reached XP level 1. HP: 14/14 MP: 5/5
   409 | D:1      | Reached skill level 4 in Conjurations
   723 | D:1      | Reached XP level 2. HP: 20/20 MP: 0/7
  1304 | D:2      | Noticed Robin
  1310 | D:1      | Learned a level 2 spell: Searing Ray
  1665 | D:2      | Reached XP level 3. HP: 11/26 MP: 1/8
  2178 | D:2      | Slain by a hobgoblin

Illustrated notes

Levels and vault maps discovered:
D:1:      sevenhm_arrival_forest_fort_large_3, layout_basic
D:2:      layout_loops_cross, uniq_terence, uniq_robin

Skill      XL: |  1 |
---------------+----+-----
Conjurations   | 4 |  4.9
Dodging        | |  1.7
Stealth        | |  1.7
Spellcasting   | |  1.7

Action                   || total
-------------------------++-------
Melee: Short sword       ||    17
       Punch             ||     1
       Whip              ||     5
 Cast: Magic Dart        ||    51
       Searing Ray       ||     3
  Use: Scroll            ||     3
       Potion            ||     2
Armor: Robe              ||    11
Dodge: Dodged            ||    36
